[ AOE2 MATCH · #478642687 ]
UnrankedShu vs Persians
[ REPLAY ANALYSIS · EXTRACTED FROM THE RECORDED GAME ]
Feudal
8:27
Castle
21:46
Imperial
36:13
| APM avg | 60.3 |
| APM peak | 97 |
| eAPM avg | 25.5 |
| Villagers / military | 132 / 182 |
Focus
⚔️ 50.7% · 🌾 49.3%
Archer ×179 · Unknown (1959) ×16 · Unknown (1942) ×3 · Battering Ram ×2 · Mangonel ×1
Feudal
8:52
Castle
25:06
Imperial
—
| APM avg | 29.5 |
| APM peak | 66 |
| eAPM avg | 16.4 |
| Villagers / military | 109 / 78 |
Focus
⚔️ 30.9% · 🌾 69.1%
Knight ×60 · Scout Cavalry ×18
Feudal
9:25
Castle
22:34
Imperial
39:22
| APM avg | 63.9 |
| APM peak | 147 |
| eAPM avg | 34.8 |
| Villagers / military | 190 / 212 |
Focus
⚔️ 48.6% · 🌾 51.4%
Knight ×152 · Scout Cavalry ×59 · Monk ×1
Feudal
9:16
Castle
24:40
Imperial
47:33
| APM avg | 36.7 |
| APM peak | 63 |
| eAPM avg | 16.4 |
| Villagers / military | 150 / 134 |
Focus
⚔️ 40.9% · 🌾 59.1%
Archer ×117 · Skirmisher ×17
Feudal
8:58
Castle
21:39
Imperial
37:00
| APM avg | 63.7 |
| APM peak | 114 |
| eAPM avg | 38.5 |
| Villagers / military | 175 / 296 |
Focus
⚔️ 58.4% · 🌾 41.6%
Archer ×191 · Spearman ×76 · Skirmisher ×25 · Trebuchet (Packed) ×4
Feudal
8:28
Castle
26:20
Imperial
—
| APM avg | 66.8 |
| APM peak | 129 |
| eAPM avg | 37.3 |
| Villagers / military | 129 / 121 |
Focus
⚔️ 37.5% · 🌾 62.5%
Archer ×121
Match map
Initial resources + every placement click. Lines = walls · curves = elevation contours. ◆ gold · ⬟ stone · ● berries · ✦ relic · ◌ wall gap
Your base· Open — 3t gap
Yarcla's base· ✓ Closed at 25:06 · 42t walls · 3 gate(s)
Tio GG 800 EL mata dominicanos's base· ✓ Closed at 22:34 · 50t walls · no gate
AOKI_Shogi's base· ✓ Closed at 24:40 · 38t walls · 1 gate(s)
[ARKP]Anthoxx's base· Open — 2t gap
Nedture's base· ✓ Closed at 26:20 · 29t walls · no gate
Smoothed initial terrain · ◌ = detected wall gap · hover for details
Inputs per minute
— DL | Lich - - Yarcla
Build order — DL | Lich
First 150 of 520 actions detected
| 0:02 | Create | Villager (Male) |
| 0:03 | Build | House |
| 0:05 | Build | House |
| 0:14 | Create | Villager (Male) |
| 0:14 | Create | Villager (Male) |
| 0:31 | Create | Villager (Male) |
| 0:32 | Create | Villager (Male) |
| 1:36 | Create | Villager (Male) |
| 1:37 | Create | Villager (Male) |
| 1:55 | Create | Villager (Male) |
| 2:19 | Build | Lumber Camp |
| 2:24 | Create | Villager (Male) |
| 2:51 | Create | Villager (Male) |
| 3:15 | Create | Villager (Male) |
| 3:40 | Create | Villager (Male) |
| 3:50 | Build | House |
| 4:00 | Create | Villager (Male) |
| 4:27 | Create | Villager (Male) |
| 4:56 | Build | Mining Camp |
| 5:00 | Create | Villager (Male) |
| 5:19 | Create | Villager (Male) |
| 5:31 | Research | Loom |
| 6:13 | Research | Feudal Age |
| 6:13 | Research | Feudal Age |
| 7:12 | Build | Barracks |
| 7:55 | Build | House |
| 8:27 | Age | Feudal Age |
| 8:29 | Create | Villager (Male) |
| 8:32 | Build | Archery Range |
| 8:42 | Create | Villager (Male) |
| 8:46 | Build | Archery Range |
| 8:55 | Create | Villager (Male) |
| 9:09 | Create | Villager (Male) |
| 9:12 | Build | Mill |
| 9:17 | Create | Villager (Male) |
| 9:30 | Create | Villager (Male) |
| 9:36 | Research | Double-Bit Axe |
| 9:37 | Research | Double-Bit Axe |
| 9:50 | Create | Archer |
| 9:51 | Create | Archer |
| 10:04 | Create | Villager (Male) |
| 10:14 | Create | Archer |
| 10:20 | Create | Archer |
| 10:26 | Build | House |
| 10:44 | Build | Blacksmith |
| 10:48 | Create | Villager (Male) |
| 10:54 | Build | House |
| 10:57 | Build | Palisade Wall |
| 11:01 | Create | Villager (Male) |
| 11:01 | Create | Archer |
| 11:17 | Build | House |
| 11:20 | Build | Palisade Wall |
| 11:23 | Create | Villager (Male) |
| 11:24 | Create | Archer |
| 11:29 | Build | House |
| 11:30 | Build | Palisade Wall |
| 11:45 | Create | Villager (Male) |
| 11:58 | Create | Archer |
| 11:58 | Create | Archer |
| 12:04 | Create | Villager (Male) |
| 12:22 | Build | Farm |
| 12:25 | Research | Fletching |
| 12:37 | Build | Farm |
| 12:47 | Create | Archer |
| 12:48 | Create | Archer |
| 12:56 | Build | Farm |
| 12:59 | Create | Villager (Male) |
| 13:01 | Create | Archer |
| 13:01 | Create | Archer |
| 13:26 | Research | Padded Archer Armor |
| 13:26 | Research | Padded Archer Armor |
| 13:27 | Create | Archer |
| 13:32 | Build | Farm |
| 13:36 | Build | Farm |
| 13:43 | Build | Farm |
| 13:48 | Create | Villager (Male) |
| 13:51 | Create | Archer |
| 13:51 | Create | Archer |
| 14:01 | Create | Archer |
| 14:01 | Create | Archer |
| 14:08 | Create | Archer |
| 14:08 | Create | Archer |
| 14:29 | Build | House |
| 14:31 | Create | Archer |
| 14:32 | Create | Villager (Male) |
| 14:32 | Create | Villager (Male) |
| 14:35 | Build | Farm |
| 14:39 | Build | Farm |
| 14:44 | Build | House |
| 14:48 | Build | House |
| 14:50 | Create | Archer |
| 14:59 | Build | House |
| 15:03 | Create | Villager (Male) |
| 15:09 | Build | Palisade Wall |
| 15:19 | Create | Villager (Male) |
| 15:19 | Create | Archer |
| 15:20 | Create | Archer |
| 15:24 | Build | Farm |
| 15:30 | Build | Farm |
| 15:30 | Create | Villager (Male) |
| 15:34 | Create | Archer |
| 15:34 | Create | Archer |
| 15:52 | Build | House |
| 15:56 | Build | Farm |
| 16:04 | Create | Villager (Male) |
| 16:26 | Create | Villager (Male) |
| 16:26 | Create | Archer |
| 16:26 | Create | Archer |
| 16:46 | Research | Town Watch |
| 17:05 | Create | Archer |
| 17:05 | Create | Archer |
| 17:06 | Create | Archer |
| 17:06 | Create | Villager (Male) |
| 17:16 | Build | Market |
| 17:24 | Create | Archer |
| 17:24 | Create | Archer |
| 18:04 | Create | Villager (Male) |
| 18:04 | Create | Archer |
| 18:06 | Create | Villager (Male) |
| 18:08 | Build | House |
| 19:06 | Research | Castle Age |
| 19:20 | Create | Archer |
| 19:20 | Create | Archer |
| 19:30 | Build | House |
| 19:34 | Build | House |
| 19:40 | Build | House |
| 19:52 | Build | House |
| 19:54 | Build | House |
| 20:17 | Create | Villager (Male) |
| 20:27 | Build | House |
| 20:37 | Build | House |
| 20:44 | Create | Archer |
| 20:45 | Create | Archer |
| 20:45 | Create | Archer |
| 21:04 | Create | Villager (Male) |
| 21:21 | Build | House |
| 21:46 | Age | Castle Age |
| 21:50 | Research | Crossbowman (upgrade) |
| 21:51 | Research | Bodkin Arrow |
| 21:51 | Research | Bodkin Arrow |
| 22:01 | Build | Siege Workshop |
| 22:10 | Create | Archer |
| 22:10 | Create | Archer |
| 22:37 | Create | Villager (Male) |
| 22:41 | Build | University |
| 22:44 | Research | Bow Saw |
| 22:44 | Research | Bow Saw |
| 22:49 | Create | Villager (Male) |
| 22:49 | Create | Archer |
| 22:57 | Research | Leather Archer Armor |
Build order — Yarcla
First 150 of 320 actions detected
| 0:02 | Create | Villager (Male) |
| 0:02 | Create | Villager (Male) |
| 0:02 | Create | Villager (Male) |
| 0:04 | Build | House |
| 0:06 | Build | House |
| 0:23 | Create | Villager (Male) |
| 0:23 | Create | Villager (Male) |
| 1:27 | Create | Villager (Male) |
| 1:28 | Create | Villager (Male) |
| 1:50 | Build | Lumber Camp |
| 2:20 | Create | Villager (Male) |
| 2:45 | Create | Villager (Male) |
| 2:45 | Create | Villager (Male) |
| 3:10 | Create | Villager (Male) |
| 3:23 | Build | House |
| 3:35 | Create | Villager (Male) |
| 3:53 | Create | Villager (Male) |
| 3:53 | Create | Villager (Male) |
| 4:17 | Create | Villager (Male) |
| 4:17 | Create | Villager (Male) |
| 4:20 | Create | Villager (Male) |
| 4:55 | Build | Mill |
| 4:58 | Create | Villager (Male) |
| 5:02 | Build | House |
| 5:22 | Create | Villager (Male) |
| 5:37 | Create | Villager (Male) |
| 5:42 | Create | Villager (Male) |
| 5:45 | Research | Loom |
| 6:48 | Research | Feudal Age |
| 6:48 | Research | Feudal Age |
| 7:19 | Create | Villager (Male) |
| 7:53 | Build | Barracks |
| 8:52 | Age | Feudal Age |
| 8:54 | Create | Villager (Male) |
| 9:12 | Build | Stable |
| 9:16 | Build | House |
| 9:22 | Build | Palisade Gate |
| 9:28 | Research | Double-Bit Axe |
| 9:30 | Create | Villager (Male) |
| 9:36 | Build | House |
| 9:56 | Create | Villager (Male) |
| 10:09 | Build | Palisade Wall |
| 10:10 | Create | Villager (Male) |
| 10:18 | Build | Palisade Wall |
| 10:25 | Build | Palisade Gate |
| 10:31 | Build | House |
| 10:41 | Build | Blacksmith |
| 10:48 | Create | Villager (Male) |
| 10:55 | Create | Scout Cavalry |
| 10:55 | Create | Scout Cavalry |
| 11:13 | Build | Palisade Wall |
| 11:19 | Build | House |
| 11:21 | Build | House |
| 11:25 | Create | Villager (Male) |
| 11:36 | Create | Villager (Male) |
| 11:36 | Research | Horse Collar |
| 11:44 | Create | Scout Cavalry |
| 12:06 | Create | Villager (Male) |
| 12:06 | Create | Scout Cavalry |
| 12:13 | Build | Farm |
| 12:14 | Build | Farm |
| 12:15 | Create | Villager (Male) |
| 12:52 | Research | Scale Barding Armor |
| 13:02 | Create | Villager (Male) |
| 13:07 | Build | Farm |
| 13:07 | Build | Farm |
| 13:08 | Build | Farm |
| 13:08 | Build | Farm |
| 13:32 | Create | Villager (Male) |
| 14:00 | Create | Villager (Male) |
| 14:01 | Create | Scout Cavalry |
| 14:11 | Build | Farm |
| 14:12 | Build | Farm |
| 14:12 | Build | Farm |
| 14:12 | Build | Farm |
| 14:13 | Build | Farm |
| 14:13 | Create | Villager (Male) |
| 14:38 | Create | Villager (Male) |
| 14:53 | Create | Scout Cavalry |
| 14:53 | Create | Scout Cavalry |
| 15:08 | Build | Farm |
| 15:09 | Build | Farm |
| 15:09 | Build | Farm |
| 15:09 | Build | Farm |
| 15:09 | Build | Farm |
| 15:24 | Build | Lumber Camp |
| 15:28 | Create | Villager (Male) |
| 15:45 | Create | Villager (Male) |
| 16:03 | Create | Scout Cavalry |
| 16:17 | Create | Villager (Male) |
| 16:37 | Create | Villager (Male) |
| 16:38 | Create | Scout Cavalry |
| 16:50 | Build | Mining Camp |
| 16:55 | Build | Lumber Camp |
| 17:02 | Build | Farm |
| 17:02 | Build | Farm |
| 17:07 | Build | Farm |
| 17:13 | Create | Scout Cavalry |
| 17:13 | Create | Scout Cavalry |
| 17:14 | Create | Villager (Male) |
| 17:40 | Create | Scout Cavalry |
| 17:48 | Create | Villager (Male) |
| 17:56 | Build | Farm |
| 17:56 | Build | Farm |
| 17:59 | Build | Farm |
| 18:04 | Build | Farm |
| 18:06 | Build | House |
| 18:07 | Build | House |
| 18:08 | Build | House |
| 18:09 | Build | House |
| 18:09 | Build | House |
| 18:11 | Build | Farm |
| 18:20 | Create | Villager (Male) |
| 18:21 | Create | Scout Cavalry |
| 18:37 | Build | Farm |
| 18:42 | Create | Villager (Male) |
| 18:53 | Create | Scout Cavalry |
| 18:53 | Create | Villager (Male) |
| 19:31 | Create | Villager (Male) |
| 19:33 | Research | Bloodlines |
| 19:41 | Build | House |
| 19:42 | Build | House |
| 19:44 | Build | House |
| 19:53 | Create | Villager (Male) |
| 19:54 | Create | Scout Cavalry |
| 20:01 | Build | Palisade Wall |
| 20:17 | Build | Watch Tower |
| 20:29 | Build | Stable |
| 20:33 | Build | Palisade Gate |
| 20:35 | Create | Villager (Male) |
| 20:41 | Research | Forging |
| 20:46 | Research | Fletching |
| 20:50 | Build | House |
| 21:17 | Build | House |
| 21:20 | Build | House |
| 21:25 | Create | Villager (Male) |
| 21:30 | Create | Scout Cavalry |
| 21:54 | Create | Villager (Male) |
| 21:58 | Build | House |
| 21:59 | Build | House |
| 22:01 | Build | House |
| 22:02 | Build | House |
| 22:05 | Build | House |
| 22:13 | Build | House |
| 22:15 | Build | House |
| 22:37 | Create | Villager (Male) |
| 22:41 | Research | Castle Age |
| 22:48 | Create | Villager (Male) |
| 22:55 | Build | Palisade Gate |
| 23:07 | Create | Scout Cavalry |
Build order — Tio GG 800 EL mata dominicanos
First 150 of 615 actions detected
| 0:01 | Create | Villager (Male) |
| 0:04 | Build | House |
| 0:04 | Create | Villager (Male) |
| 0:04 | Build | House |
| 0:08 | Create | Villager (Male) |
| 0:15 | Create | Villager (Male) |
| 1:29 | Create | Villager (Male) |
| 1:55 | Build | Lumber Camp |
| 2:11 | Create | Villager (Male) |
| 2:27 | Create | Villager (Male) |
| 3:03 | Create | Villager (Male) |
| 3:16 | Create | Villager (Male) |
| 3:21 | Build | House |
| 3:25 | Create | Villager (Male) |
| 3:58 | Build | House |
| 4:16 | Create | Villager (Male) |
| 4:21 | Create | Villager (Male) |
| 4:30 | Create | Villager (Male) |
| 4:47 | Create | Villager (Male) |
| 5:16 | Build | Mill |
| 5:46 | Create | Villager (Male) |
| 5:49 | Create | Villager (Male) |
| 5:54 | Create | Villager (Male) |
| 6:00 | Create | Villager (Male) |
| 6:10 | Create | Villager (Male) |
| 6:29 | Research | Loom |
| 7:15 | Research | Feudal Age |
| 8:25 | Build | Barracks |
| 9:18 | Create | Villager (Male) |
| 9:22 | Create | Villager (Male) |
| 9:25 | Age | Feudal Age |
| 9:27 | Build | Stable |
| 9:30 | Research | Double-Bit Axe |
| 9:33 | Research | Horse Collar |
| 9:33 | Research | Horse Collar |
| 9:38 | Create | Villager (Male) |
| 9:41 | Build | Farm |
| 9:42 | Build | Farm |
| 9:51 | Create | Villager (Male) |
| 9:55 | Create | Villager (Male) |
| 10:00 | Build | Farm |
| 10:02 | Build | Farm |
| 10:11 | Create | Scout Cavalry |
| 10:11 | Create | Scout Cavalry |
| 10:11 | Create | Scout Cavalry |
| 10:13 | Create | Villager (Male) |
| 10:19 | Build | House |
| 10:25 | Create | Villager (Male) |
| 10:40 | Build | Farm |
| 10:45 | Build | House |
| 10:50 | Build | Farm |
| 10:55 | Create | Villager (Male) |
| 11:07 | Build | Farm |
| 11:21 | Create | Scout Cavalry |
| 11:21 | Create | Scout Cavalry |
| 11:25 | Build | House |
| 11:29 | Build | Palisade Wall |
| 11:33 | Create | Scout Cavalry |
| 11:33 | Create | Scout Cavalry |
| 11:37 | Build | Farm |
| 11:53 | Create | Villager (Male) |
| 11:55 | Build | Palisade Wall |
| 12:03 | Create | Scout Cavalry |
| 12:03 | Create | Scout Cavalry |
| 12:20 | Build | Farm |
| 12:23 | Build | Farm |
| 12:31 | Create | Scout Cavalry |
| 12:31 | Create | Scout Cavalry |
| 12:31 | Create | Scout Cavalry |
| 12:35 | Create | Villager (Male) |
| 12:42 | Build | House |
| 12:44 | Build | Palisade Wall |
| 12:45 | Build | Palisade Wall |
| 12:51 | Create | Villager (Male) |
| 12:57 | Build | Farm |
| 13:10 | Create | Scout Cavalry |
| 13:22 | Create | Scout Cavalry |
| 13:28 | Create | Villager (Male) |
| 13:32 | Build | Palisade Wall |
| 13:45 | Create | Villager (Male) |
| 13:55 | Create | Villager (Male) |
| 13:57 | Build | Farm |
| 14:00 | Build | Palisade Wall |
| 14:19 | Create | Scout Cavalry |
| 14:19 | Create | Villager (Male) |
| 14:22 | Build | Farm |
| 14:29 | Build | Blacksmith |
| 14:39 | Create | Scout Cavalry |
| 14:41 | Create | Villager (Male) |
| 14:50 | Create | Villager (Male) |
| 14:57 | Build | Palisade Wall |
| 14:57 | Create | Villager (Male) |
| 15:07 | Create | Villager (Male) |
| 15:12 | Build | Mining Camp |
| 15:21 | Create | Villager (Male) |
| 15:28 | Build | House |
| 15:42 | Create | Scout Cavalry |
| 15:42 | Create | Villager (Male) |
| 15:55 | Build | House |
| 15:56 | Build | House |
| 16:06 | Research | Scale Barding Armor |
| 16:15 | Research | Wheelbarrow |
| 16:15 | Research | Wheelbarrow |
| 16:29 | Create | Villager (Male) |
| 16:34 | Build | Farm |
| 16:42 | Create | Villager (Male) |
| 16:45 | Create | Villager (Male) |
| 16:50 | Build | Farm |
| 16:52 | Build | Farm |
| 17:00 | Create | Villager (Male) |
| 17:01 | Create | Villager (Male) |
| 17:06 | Build | House |
| 17:08 | Build | House |
| 17:16 | Create | Villager (Male) |
| 17:22 | Create | Scout Cavalry |
| 17:22 | Create | Scout Cavalry |
| 17:27 | Research | Gold Mining |
| 17:28 | Create | Villager (Male) |
| 17:42 | Create | Scout Cavalry |
| 17:43 | Create | Villager (Male) |
| 17:45 | Create | Villager (Male) |
| 18:22 | Create | Villager (Male) |
| 18:49 | Build | Market |
| 18:50 | Create | Villager (Male) |
| 19:20 | Create | Villager (Male) |
| 19:23 | Build | Lumber Camp |
| 19:54 | Research | Castle Age |
| 20:29 | Build | Stable |
| 20:44 | Create | Scout Cavalry |
| 20:44 | Create | Scout Cavalry |
| 21:26 | Create | Scout Cavalry |
| 21:26 | Create | Scout Cavalry |
| 21:27 | Create | Scout Cavalry |
| 21:28 | Create | Scout Cavalry |
| 21:28 | Create | Scout Cavalry |
| 21:37 | Research | Bloodlines |
| 21:37 | Research | Bloodlines |
| 21:37 | Research | Bloodlines |
| 22:34 | Age | Castle Age |
| 22:37 | Research | Light Cavalry (upgrade) |
| 22:42 | Research | Light Cavalry (upgrade) |
| 22:44 | Research | Husbandry |
| 22:58 | Research | Bow Saw |
| 23:00 | Create | Villager (Male) |
| 23:04 | Build | Town Center |
| 23:17 | Create | Villager (Male) |
| 23:19 | Create | Villager (Male) |
| 23:20 | Create | Villager (Male) |
| 23:38 | Research | Town Watch |
| 23:38 | Research | Town Watch |
Build order — AOKI_Shogi
First 150 of 433 actions detected
| 0:01 | Create | Villager (Male) ×4 |
| 0:04 | Build | House |
| 0:06 | Build | House |
| 1:25 | Create | Villager (Male) |
| 2:01 | Create | Villager (Male) |
| 2:08 | Build | Lumber Camp |
| 2:26 | Build | House |
| 2:31 | Create | Villager (Male) |
| 2:31 | Create | Villager (Male) |
| 2:32 | Create | Villager (Male) |
| 3:04 | Create | Villager (Male) |
| 3:04 | Create | Villager (Male) |
| 3:51 | Create | Villager (Male) |
| 3:51 | Create | Villager (Male) |
| 4:32 | Create | Villager (Male) |
| 4:55 | Create | Villager (Male) |
| 4:56 | Create | Villager (Male) |
| 5:25 | Create | Villager (Male) |
| 5:33 | Build | Mining Camp |
| 6:00 | Create | Villager (Male) |
| 6:02 | Research | Loom |
| 6:51 | Research | Feudal Age |
| 7:54 | Build | Barracks |
| 8:56 | Build | House |
| 9:16 | Create | Villager (Male) |
| 9:16 | Age | Feudal Age |
| 9:19 | Research | Double-Bit Axe |
| 9:23 | Build | Archery Range |
| 9:26 | Build | Archery Range |
| 9:42 | Create | Villager (Male) |
| 9:42 | Create | Villager (Male) |
| 10:12 | Build | Blacksmith |
| 10:25 | Create | Archer |
| 10:26 | Create | Archer |
| 10:26 | Create | Villager (Male) |
| 10:31 | Build | House |
| 10:44 | Create | Villager (Male) |
| 11:04 | Build | Palisade Gate |
| 11:06 | Build | House |
| 11:19 | Build | House |
| 11:21 | Build | Palisade Wall |
| 11:32 | Create | Archer |
| 11:32 | Create | Archer |
| 11:35 | Create | Archer |
| 11:35 | Create | Archer |
| 11:41 | Create | Villager (Male) |
| 11:55 | Create | Archer |
| 12:01 | Create | Villager (Male) |
| 12:15 | Create | Archer |
| 12:15 | Create | Archer |
| 12:16 | Create | Villager (Male) |
| 12:20 | Build | Mill |
| 12:29 | Build | Palisade Wall |
| 12:33 | Build | House |
| 12:34 | Build | Palisade Wall |
| 12:36 | Create | Archer |
| 12:37 | Create | Villager (Male) |
| 12:55 | Create | Archer |
| 13:01 | Build | Farm |
| 13:02 | Build | Farm |
| 13:09 | Build | Farm |
| 13:18 | Create | Archer |
| 13:22 | Create | Archer |
| 13:37 | Build | Farm |
| 13:39 | Create | Villager (Male) |
| 14:00 | Build | Farm |
| 14:04 | Create | Villager (Male) |
| 14:05 | Create | Archer |
| 14:06 | Create | Archer |
| 14:20 | Create | Archer |
| 14:21 | Create | Villager (Male) |
| 14:27 | Build | House |
| 14:29 | Build | Palisade Wall |
| 14:36 | Create | Archer |
| 14:37 | Create | Villager (Male) |
| 14:44 | Create | Archer |
| 14:52 | Build | House |
| 14:58 | Research | Fletching |
| 15:10 | Create | Villager (Male) |
| 15:23 | Research | Town Watch |
| 15:44 | Create | Villager (Male) |
| 15:54 | Create | Villager (Male) |
| 16:01 | Create | Archer |
| 16:01 | Create | Archer |
| 16:11 | Create | Archer |
| 16:12 | Create | Archer |
| 16:29 | Build | House |
| 16:31 | Build | Palisade Wall |
| 16:36 | Research | Padded Archer Armor |
| 16:37 | Create | Archer |
| 16:37 | Create | Archer |
| 16:42 | Build | Farm |
| 16:42 | Build | Farm |
| 16:59 | Create | Villager (Male) |
| 17:04 | Build | Farm |
| 17:06 | Create | Villager (Male) |
| 17:19 | Create | Archer |
| 17:19 | Create | Archer |
| 17:31 | Build | Farm |
| 17:42 | Research | Horse Collar |
| 17:53 | Create | Villager (Male) |
| 17:59 | Build | House |
| 17:59 | Build | House |
| 18:03 | Build | Farm |
| 18:30 | Create | Villager (Male) |
| 18:31 | Create | Archer |
| 18:31 | Create | Archer |
| 18:32 | Create | Villager (Male) |
| 18:49 | Build | House |
| 18:51 | Build | Farm |
| 19:24 | Create | Villager (Male) |
| 19:27 | Research | Wheelbarrow |
| 19:28 | Create | Archer |
| 19:28 | Create | Archer |
| 19:28 | Create | Archer |
| 19:33 | Build | House |
| 19:35 | Build | Farm |
| 19:36 | Build | Farm |
| 19:59 | Create | Villager (Male) |
| 20:00 | Create | Archer |
| 20:00 | Create | Archer |
| 20:17 | Build | Farm |
| 20:19 | Build | Palisade Wall |
| 21:04 | Build | Farm |
| 21:06 | Create | Villager (Male) |
| 21:50 | Build | Archery Range |
| 22:00 | Research | Castle Age |
| 22:08 | Build | Lumber Camp |
| 22:12 | Build | Lumber Camp |
| 22:45 | Create | Archer |
| 22:45 | Create | Archer |
| 22:45 | Create | Archer |
| 23:16 | Create | Archer |
| 23:16 | Create | Archer |
| 23:45 | Build | Watch Tower |
| 23:54 | Build | House |
| 24:40 | Age | Castle Age |
| 24:41 | Research | Crossbowman (upgrade) |
| 24:42 | Research | Bodkin Arrow |
| 24:50 | Research | Leather Archer Armor |
| 24:56 | Create | Villager (Male) |
| 24:56 | Create | Villager (Male) ×5 |
| 25:24 | Build | University |
| 25:55 | Create | Archer |
| 25:56 | Create | Archer |
| 25:57 | Create | Archer |
| 25:58 | Create | Archer |
| 26:19 | Research | Gold Mining |
| 26:20 | Research | Bow Saw |
| 26:52 | Research | Ballistics |
Build order — [ARKP]Anthoxx
First 150 of 454 actions detected
| 0:02 | Research | Loom |
| 0:02 | Research | Loom |
| 0:04 | Build | House |
| 0:05 | Build | House |
| 0:11 | Create | Villager (Male) |
| 0:11 | Create | Villager (Male) |
| 0:11 | Create | Villager (Male) |
| 0:12 | Create | Villager (Male) |
| 1:31 | Create | Villager (Male) |
| 2:07 | Create | Villager (Male) |
| 2:30 | Build | Lumber Camp |
| 2:33 | Create | Villager (Male) |
| 2:33 | Create | Villager (Male) |
| 2:49 | Create | Villager (Male) |
| 3:03 | Build | House |
| 3:12 | Create | Villager (Male) |
| 3:12 | Create | Villager (Male) |
| 3:33 | Create | Villager (Male) |
| 3:34 | Create | Villager (Male) |
| 4:04 | Create | Villager (Male) |
| 4:04 | Create | Villager (Male) |
| 4:11 | Build | House |
| 4:57 | Create | Villager (Male) |
| 4:58 | Create | Villager (Male) |
| 4:58 | Create | Villager (Male) |
| 5:09 | Build | Mining Camp |
| 5:56 | Create | Villager (Male) |
| 6:48 | Research | Feudal Age |
| 6:48 | Research | Feudal Age |
| 7:30 | Build | Barracks |
| 7:35 | Build | House |
| 7:37 | Build | Palisade Wall |
| 8:22 | Create | Villager (Male) |
| 8:22 | Create | Villager (Male) |
| 8:58 | Age | Feudal Age |
| 9:02 | Build | Archery Range |
| 9:04 | Build | Archery Range |
| 9:08 | Create | Villager (Male) |
| 9:08 | Create | Villager (Male) |
| 9:08 | Create | Villager (Male) |
| 9:29 | Build | Palisade Wall |
| 9:30 | Build | Palisade Wall |
| 9:32 | Build | House |
| 9:49 | Build | House |
| 9:57 | Create | Villager (Male) |
| 9:57 | Create | Archer |
| 9:58 | Create | Archer |
| 10:06 | Create | Archer |
| 10:06 | Create | Archer |
| 10:13 | Build | House |
| 10:19 | Build | Blacksmith |
| 10:28 | Create | Villager (Male) |
| 10:29 | Create | Villager (Male) |
| 10:52 | Create | Archer |
| 10:52 | Create | Archer |
| 11:07 | Build | House |
| 11:17 | Research | Fletching |
| 11:22 | Create | Villager (Male) |
| 11:27 | Build | Mill |
| 11:34 | Create | Archer |
| 11:34 | Create | Archer |
| 11:51 | Build | House |
| 11:53 | Create | Villager (Male) |
| 11:53 | Create | Villager (Male) |
| 11:55 | Create | Archer |
| 12:14 | Build | Farm |
| 12:20 | Build | House |
| 12:32 | Create | Archer |
| 12:32 | Create | Archer |
| 12:34 | Create | Villager (Male) |
| 12:56 | Build | House |
| 12:57 | Create | Villager (Male) |
| 12:58 | Create | Archer |
| 12:58 | Create | Archer |
| 13:02 | Build | Farm |
| 13:10 | Create | Villager (Male) |
| 13:10 | Create | Archer |
| 13:34 | Create | Villager (Male) |
| 14:10 | Create | Archer |
| 14:11 | Create | Archer |
| 14:11 | Create | Villager (Male) |
| 14:11 | Create | Villager (Male) |
| 14:25 | Build | Farm |
| 14:25 | Build | Farm |
| 14:25 | Build | Farm |
| 14:25 | Build | Farm |
| 14:25 | Build | Farm |
| 14:35 | Create | Archer |
| 14:35 | Create | Archer |
| 14:36 | Create | Villager (Male) |
| 15:02 | Create | Archer |
| 15:03 | Create | Villager (Male) |
| 15:24 | Create | Archer |
| 15:24 | Create | Archer |
| 15:25 | Create | Villager (Male) |
| 15:41 | Create | Archer |
| 15:42 | Build | Farm |
| 15:43 | Build | Farm |
| 15:43 | Build | Farm |
| 15:43 | Build | Farm |
| 15:51 | Create | Archer |
| 15:51 | Create | Archer |
| 15:52 | Create | Villager (Male) |
| 16:15 | Build | Farm |
| 16:17 | Create | Villager (Male) |
| 16:26 | Create | Spearman |
| 16:27 | Create | Archer |
| 16:28 | Create | Archer |
| 16:33 | Build | House |
| 17:01 | Create | Villager (Male) |
| 17:16 | Build | House |
| 17:34 | Create | Villager (Male) |
| 17:56 | Build | Farm |
| 17:57 | Build | Farm |
| 18:03 | Create | Villager (Male) |
| 18:22 | Build | House |
| 18:27 | Create | Villager (Male) |
| 18:29 | Create | Archer |
| 18:29 | Create | Archer |
| 18:42 | Build | Palisade Wall |
| 18:46 | Build | Palisade Wall |
| 18:51 | Create | Archer |
| 18:59 | Research | Castle Age |
| 19:14 | Build | Lumber Camp |
| 19:25 | Build | Palisade Wall |
| 19:34 | Build | Lumber Camp |
| 19:55 | Research | Double-Bit Axe |
| 19:56 | Research | Horse Collar |
| 20:44 | Create | Archer |
| 20:45 | Create | Archer |
| 21:39 | Age | Castle Age |
| 21:41 | Build | Gate |
| 21:46 | Research | Crossbowman (upgrade) |
| 21:46 | Research | Crossbowman (upgrade) |
| 21:47 | Research | Bodkin Arrow |
| 21:47 | Research | Bodkin Arrow |
| 21:48 | Create | Villager (Male) |
| 21:48 | Create | Villager (Male) |
| 21:59 | Build | Gate |
| 22:01 | Build | Stone Wall |
| 22:25 | Build | University |
| 22:28 | Create | Villager (Male) |
| 22:29 | Create | Villager (Male) |
| 22:41 | Create | Archer |
| 22:42 | Create | Archer |
| 22:54 | Research | Ballistics |
| 23:10 | Create | Villager (Male) |
| 23:13 | Build | Town Center |
| 23:20 | Create | Archer |
| 23:20 | Create | Archer |
Build order — Nedture
First 150 of 423 actions detected
| 0:01 | Create | Villager (Male) |
| 0:01 | Create | Villager (Male) |
| 0:02 | Build | House |
| 0:03 | Build | House |
| 0:08 | Build | House |
| 0:14 | Create | Villager (Male) |
| 0:16 | Create | Villager (Male) |
| 1:20 | Create | Villager (Male) |
| 1:50 | Create | Villager (Male) |
| 1:59 | Create | Villager (Male) |
| 2:24 | Create | Villager (Male) |
| 2:24 | Create | Villager (Male) |
| 2:24 | Create | Villager (Male) |
| 2:27 | Build | Lumber Camp |
| 2:38 | Create | Villager (Male) |
| 3:00 | Create | Villager (Male) |
| 3:31 | Create | Villager (Male) |
| 3:32 | Create | Villager (Male) |
| 3:38 | Build | House |
| 3:53 | Create | Villager (Male) |
| 4:23 | Create | Villager (Male) |
| 4:32 | Create | Villager (Male) |
| 4:45 | Create | Villager (Male) |
| 5:07 | Build | Mining Camp |
| 5:10 | Create | Villager (Male) |
| 5:26 | Create | Villager (Male) |
| 5:36 | Research | Loom |
| 6:18 | Research | Feudal Age |
| 6:18 | Research | Feudal Age |
| 6:18 | Research | Feudal Age |
| 6:18 | Research | Feudal Age |
| 6:18 | Research | Feudal Age |
| 6:18 | Research | Feudal Age |
| 7:38 | Build | Barracks |
| 8:28 | Age | Feudal Age |
| 8:36 | Build | Archery Range |
| 8:39 | Create | Villager (Male) |
| 8:42 | Build | House |
| 8:44 | Create | Villager (Male) |
| 8:54 | Create | Villager (Male) |
| 9:15 | Create | Villager (Male) |
| 9:25 | Build | Archery Range |
| 9:36 | Create | Archer |
| 9:36 | Create | Archer |
| 9:37 | Create | Villager (Male) |
| 9:38 | Create | Villager (Male) |
| 9:39 | Create | Villager (Male) |
| 9:41 | Create | Villager (Male) |
| 9:49 | Create | Archer |
| 9:49 | Create | Archer |
| 10:13 | Build | House |
| 10:15 | Create | Archer |
| 10:15 | Create | Archer |
| 10:16 | Create | Archer |
| 10:26 | Build | House |
| 10:32 | Research | Town Watch |
| 10:32 | Research | Town Watch |
| 10:47 | Create | Villager (Male) |
| 10:50 | Build | Mill |
| 10:50 | Create | Villager (Male) |
| 11:00 | Create | Archer |
| 11:00 | Create | Archer |
| 11:02 | Create | Archer |
| 11:02 | Create | Archer |
| 11:03 | Create | Villager (Male) |
| 11:06 | Build | House |
| 11:11 | Research | Double-Bit Axe |
| 11:11 | Research | Double-Bit Axe |
| 11:12 | Research | Double-Bit Axe |
| 11:19 | Create | Archer |
| 11:19 | Create | Archer |
| 11:46 | Create | Archer |
| 11:46 | Create | Archer |
| 12:13 | Build | Blacksmith |
| 12:13 | Create | Villager (Male) |
| 12:13 | Create | Villager (Male) |
| 12:27 | Create | Archer |
| 12:27 | Create | Archer |
| 12:46 | Create | Villager (Male) |
| 12:46 | Create | Villager (Male) |
| 12:56 | Create | Archer |
| 13:12 | Build | Blacksmith |
| 13:18 | Create | Villager (Male) |
| 13:24 | Create | Archer |
| 13:24 | Create | Archer |
| 13:41 | Build | Farm |
| 14:02 | Create | Villager (Male) |
| 14:15 | Research | Fletching |
| 14:16 | Research | Fletching |
| 14:16 | Create | Villager (Male) |
| 14:19 | Build | Farm |
| 14:25 | Create | Archer |
| 14:25 | Create | Archer |
| 14:25 | Create | Archer |
| 14:36 | Create | Villager (Male) |
| 14:36 | Create | Villager (Male) |
| 14:39 | Create | Archer |
| 14:39 | Create | Archer |
| 14:39 | Create | Archer |
| 14:39 | Create | Archer |
| 15:01 | Create | Archer |
| 15:15 | Create | Villager (Male) |
| 15:18 | Build | Watch Tower |
| 15:29 | Create | Villager (Male) |
| 15:32 | Create | Archer |
| 15:32 | Create | Archer |
| 16:04 | Create | Archer |
| 16:04 | Create | Archer |
| 16:09 | Build | House |
| 16:44 | Create | Villager (Male) |
| 16:45 | Build | Farm |
| 16:48 | Create | Archer |
| 16:48 | Create | Archer |
| 16:59 | Create | Archer |
| 16:59 | Create | Archer |
| 17:13 | Build | Farm |
| 17:14 | Build | Farm |
| 17:18 | Create | Villager (Male) |
| 17:18 | Create | Villager (Male) |
| 17:29 | Create | Archer |
| 17:29 | Create | Archer |
| 17:34 | Create | Archer |
| 17:34 | Create | Archer |
| 17:46 | Build | Farm |
| 17:47 | Create | Villager (Male) |
| 17:58 | Create | Archer |
| 17:58 | Create | Archer |
| 17:58 | Create | Archer |
| 18:12 | Create | Villager (Male) |
| 18:13 | Create | Archer |
| 18:21 | Build | Farm |
| 18:26 | Create | Archer |
| 18:27 | Create | Archer |
| 18:35 | Create | Villager (Male) |
| 18:40 | Create | Archer |
| 18:40 | Create | Archer |
| 18:40 | Create | Archer |
| 18:41 | Create | Archer |
| 18:43 | Build | House |
| 19:00 | Build | Farm |
| 19:02 | Build | Farm |
| 19:08 | Create | Villager (Male) |
| 19:13 | Build | Palisade Wall |
| 19:15 | Build | House |
| 19:15 | Create | Villager (Male) |
| 19:30 | Build | Palisade Wall |
| 19:32 | Create | Villager (Male) |
| 19:34 | Create | Archer |
| 19:35 | Create | Archer |
| 20:00 | Research | Padded Archer Armor |
Match timeline
| 7:12 | DL | Lich · first_building Barracks |
| 7:30 | [ARKP]Anthoxx · first_building Barracks |
| 7:37 | [ARKP]Anthoxx · wall_segment Palisade Wall x2 |
| 7:38 | Nedture · first_building Barracks |
| 7:53 | Yarcla · first_building Barracks |
| 7:54 | AOKI_Shogi · first_building Barracks |
| 8:25 | Tio GG 800 EL mata dominicanos · first_building Barracks |
| 8:27 | DL | Lich · age_up feudal |
| 8:28 | Nedture · age_up feudal |
| 8:32 | DL | Lich · first_building Archery Range |
| 8:36 | Nedture · first_building Archery Range |
| 8:52 | Yarcla · age_up feudal |
| 8:58 | [ARKP]Anthoxx · age_up feudal |
| 9:02 | [ARKP]Anthoxx · first_building Archery Range |
| 9:12 | Yarcla · first_building Stable |
| 9:16 | AOKI_Shogi · age_up feudal |
| 9:23 | AOKI_Shogi · first_building Archery Range |
| 9:25 | Tio GG 800 EL mata dominicanos · age_up feudal |
| 9:27 | Tio GG 800 EL mata dominicanos · first_building Stable |
| 9:29 | [ARKP]Anthoxx · wall_segment Palisade Wall x1 |
| 9:30 | [ARKP]Anthoxx · wall_segment Palisade Wall x1 |
| 10:09 | Yarcla · wall_segment Palisade Wall x15 |
| 10:18 | Yarcla · wall_segment Palisade Wall x9 |
| 10:57 | DL | Lich · wall_segment Palisade Wall x10 |
| 11:13 | Yarcla · wall_segment Palisade Wall x14 |
| 11:20 | DL | Lich · wall_segment Palisade Wall x6 |
| 11:21 | AOKI_Shogi · wall_segment Palisade Wall x2 |
| 11:29 | Tio GG 800 EL mata dominicanos · wall_segment Palisade Wall x6 |
| 11:30 | DL | Lich · wall_segment Palisade Wall x4 |
| 11:55 | Tio GG 800 EL mata dominicanos · wall_segment Palisade Wall x6 |
| 12:29 | AOKI_Shogi · wall_segment Palisade Wall x5 |
| 12:34 | AOKI_Shogi · wall_segment Palisade Wall x11 |
| 12:44 | Tio GG 800 EL mata dominicanos · wall_segment Palisade Wall x3 |
| 12:45 | Tio GG 800 EL mata dominicanos · wall_segment Palisade Wall x10 |
| 13:32 | Tio GG 800 EL mata dominicanos · wall_segment Palisade Wall x11 |
| 14:00 | Tio GG 800 EL mata dominicanos · wall_segment Palisade Wall x6 |
| 14:29 | AOKI_Shogi · wall_segment Palisade Wall x9 |
| 14:57 | Tio GG 800 EL mata dominicanos · wall_segment Palisade Wall x9 |
| 15:09 | DL | Lich · wall_segment Palisade Wall x4 |
| 16:31 | AOKI_Shogi · wall_segment Palisade Wall x1 |
| 18:42 | [ARKP]Anthoxx · wall_segment Palisade Wall x4 |
| 18:46 | [ARKP]Anthoxx · wall_segment Palisade Wall x10 |
| 18:47 | DL | Lich · first_market_buy 100 food |
| 18:48 | DL | Lich · first_market_sell 100 wood |
| 19:13 | Nedture · wall_segment Palisade Wall x1 |
| 19:25 | [ARKP]Anthoxx · wall_segment Palisade Wall x3 |
| 19:30 | Nedture · wall_segment Palisade Wall x14 |
| 20:01 | Yarcla · wall_segment Palisade Wall x1 |
| 20:19 | AOKI_Shogi · wall_segment Palisade Wall x11 |
| 21:10 | Nedture · wall_segment Palisade Wall x3 |
| 21:39 | [ARKP]Anthoxx · age_up castle |
| 21:46 | DL | Lich · age_up castle |
| 22:01 | DL | Lich · first_building Siege Workshop |
| 22:01 | [ARKP]Anthoxx · wall_segment Stone Wall x1 |
| 22:34 | Tio GG 800 EL mata dominicanos · age_up castle |
| 23:39 | Nedture · first_market_buy 100 food |
| 23:43 | Yarcla · wall_segment Palisade Wall x1 |
| 23:44 | Yarcla · wall_segment Palisade Wall x1 |
| 23:55 | Nedture · wall_segment Palisade Wall x5 |
| 24:01 | Nedture · wall_segment Palisade Wall x8 |
| 24:40 | AOKI_Shogi · age_up castle |
| 24:54 | Yarcla · wall_segment Palisade Wall x1 |
| 25:06 | Yarcla · age_up castle |
| 25:35 | Nedture · wall_segment Palisade Wall x1 |
| 26:20 | Nedture · age_up castle |
| 27:21 | Nedture · first_market_sell 100 food |
| 29:07 | Yarcla · first_market_sell 100 wood |
| 29:09 | Yarcla · first_market_buy 100 food |
| 30:14 | Tio GG 800 EL mata dominicanos · first_market_buy 100 stone |
| 32:10 | [ARKP]Anthoxx · first_building Monastery |
| 33:17 | Tio GG 800 EL mata dominicanos · first_building Monastery |
| 34:42 | [ARKP]Anthoxx · first_market_sell 100 food |
| 35:20 | AOKI_Shogi · first_building Castle |
| 35:56 | Yarcla · wall_segment Stone Wall x4 |
| 36:03 | Tio GG 800 EL mata dominicanos · first_market_sell 100 food |
| 36:05 | Yarcla · wall_segment Stone Wall x2 |
| 36:13 | DL | Lich · age_up imperial |
| 36:15 | Yarcla · wall_segment Stone Wall x5 |
| 37:00 | [ARKP]Anthoxx · age_up imperial |
| 37:24 | [ARKP]Anthoxx · first_market_buy 100 stone |
| 37:28 | [ARKP]Anthoxx · first_building Castle |
| 39:22 | Tio GG 800 EL mata dominicanos · age_up imperial |
| 40:59 | Nedture · wall_segment Palisade Wall x1 |
| 41:04 | Nedture · wall_segment Stone Wall x1 |
| 41:15 | Tio GG 800 EL mata dominicanos · first_building Castle |
| 41:26 | DL | Lich · first_building Castle |
| 47:33 | AOKI_Shogi · age_up imperial |
| 48:12 | Nedture · tribute_sent a jugador 1 |
| 48:12 | Nedture · tribute_sent a jugador 2 |
| 48:12 | Nedture · tribute_sent a jugador 3 |
| 48:12 | Nedture · tribute_sent a jugador 4 |
| 48:12 | Nedture · tribute_sent a jugador 5 |
| 48:39 | Tio GG 800 EL mata dominicanos · first_building Siege Workshop |
| 49:48 | Nedture · first_building Monastery |
| 49:56 | Yarcla · resign |
[ AI ANALYSIS · 1 CREDIT ]
What really happened in this match?
Wolo.gg analyzes every decision: build order, eco, micro, common mistakes by bracket. Personalized analysis on WhatsApp or Discord in 30 seconds.
Civ guide
Shu
Perfil
DL | Lich